[Event "Team 45 45 League T55"]
[Site "Internet Chess Club"]
[Date "2012.11.25"]
[Round "2"]
[White "Aquaman"]
[Black "MateIn42"]
[Result "0-1"]
[WhiteElo "1317"]
[BlackElo "1372"]
[Opening "Réti opening"]
[ECO "A05"]
[Time "21:00:17"]
[TimeControl "2700+45"]

1. Nf3 Nf6 2. g3 d5 3. Bg2 Nc6 4. O-O e5 5. d3 Be6 6. Nbd2 h6 7. h3 Bd6 8. Re1
O-O 9. e4 d4 10. Nc4 Re8 11. Nxd6 Qxd6 12. a3 Qd7 13. Kh2 Nh7 14. Ng1 f5 15.
exf5 Bxf5 16. Bd2 Re6 17. Qf3 Rf6 18. Qd5+ Be6 19. Qxd7 Bxd7 20. Rf1 Raf8 21. f3
Ne7 22. Rae1 Re6 23. h4 Bc6 24. Bh3 Nf5 25. Bf4 exf4 26. Rxe6 fxg3+ 27. Kh1 Bd7
28. Ree1 Ne3 29. Bxd7 g2+ 30. Kh2 gxf1=Q 31. Rxf1 Nxf1+ 32. Kg2 Ne3+ 33. Kf2 Nf6
34. Be6+ Kh8 35. Bb3 Nfg4+ 36. Kg3 h5 37. fxg4 Nxg4 38. Nf3 Rf6 39. Ng5 Ne5 40.
Bd5 c6 41. Be4 Nf7 42. Nf3 Nd6 43. Nxd4 Nxe4+ 44. dxe4 Rg6+ 45. Kf3 Rg4 46. Nf5
g6 47. Ne7 Kg7 48. e5 Kf7 49. Nc8 Ke6 50. Nxa7 Kxe5 51. c3 Rf4+ 52. Kg3 Rf8 53.
a4 Ra8 54. Nxc6+ bxc6 55. b3 Rd8 56. b4 Rd3+ 57. Kf2 Rxc3 58. b5 cxb5 59. axb5
Kf4 60. b6 Rc2+ 61. Ke1 Ke3 62. Kd1 Kd3 63. b7 Rb2 {White resigns} 0-1

[Event "Team 45 45 League T55"]
[Site "Internet Chess Club"]
[Date "2012.11.23"]
[Round "2"]
[White "Check101"]
[Black "baobao"]
[Result "1-0"]
[WhiteElo "1660"]
[BlackElo "1341"]
[Opening "Ruy Lopez: 5.O-O"]
[ECO "C78"]
[Time "22:26:10"]
[TimeControl "2700+45"]

1. e4 e5 2. Nf3 Nc6 3. Bb5 a6 4. Ba4 Nf6 5. O-O b5 6. Bb3 Bc5 7. c3 d6 8. d4 Bb6
9. Be3 O-O 10. Nbd2 Bd7 11. Re1 Bg4 12. Bg5 exd4 13. Bd5 Ne5 14. Bxa8 Qxa8 15.
h3 h6 16. Bxf6 Bxf3 17. Nxf3 Nxf3+ 18. Qxf3 gxf6 19. Qxf6 Kh7 20. cxd4 Rg8 21.
Qxf7+ Rg7 22. Qf5+ Kh8 23. Qf6 Qc8 24. Qxh6+ Kg8 25. Rac1 Bxd4 26. Qxd6 Qxh3 27.
Qd5+ Kh8 28. e5 Qg3 29. Re2 Qd3 30. Qd8+ Kh7 31. Qh4+ Kg8 32. Rce1 Qf3 33. Qe4
Qh3 34. e6 Rg4 35. Qa8+ Kg7 36. e7 {Black resigns} 1-0

[Event "Team 45 45 League T55"]
[Site "Internet Chess Club"]
[Date "2012.11.22"]
[Round "2"]
[White "browndeer"]
[Black "Conjurer"]
[Result "1-0"]
[WhiteElo "1511"]
[BlackElo "1512"]
[Opening "Sicilian defense"]
[ECO "B33"]
[Time "13:05:23"]
[TimeControl "2700+45"]

1. e4 c5 2. Nf3 Nc6 3. d4 cxd4 4. Nxd4 Nf6 5. Nc3 g6 6. Be2 Bg7 7. Be3 O-O 8.
O-O a6 9. f3 b5 10. a3 Ne5 11. Qd2 Nc4 12. Bxc4 bxc4 13. Rab1 Bb7 14. Bh6 Qb6
15. Bxg7 Kxg7 16. Kh1 e5 17. Nde2 Qe6 18. Ng3 d5 19. exd5 Nxd5 20. Nce4 Nf4 21.
Nc5 Qd5 22. Qxd5 Bxd5 23. Nce4 Rfd8 24. Rfd1 Ra7 25. Nc3 Rad7 26. Nxd5 Nxd5 27.
Re1 Ne3 28. Rxe3 Rd1+ 29. Re1 Rxe1+ 30. Rxe1 Rd2 31. Rc1 f5 32. Kg1 f4 33. Ne4
Rd7 34. Kf2 g5 35. Nxg5 {Black resigns} 1-0

[Event "Team 45 45 League T55"]
[Site "Internet Chess Club"]
[Date "2012.11.23"]
[Round "2"]
[White "seattleblues"]
[Black "XGG123"]
[Result "1-0"]
[WhiteElo "1436"]
[BlackElo "1332"]
[Opening "King's Indian: London system"]
[ECO "A48"]
[Time "21:07:36"]
[TimeControl "2700+45"]

1. d4 Nf6 2. Nf3 g6 3. Bf4 d5 4. e3 Bg7 5. c4 b6 6. Nc3 c5 7. Nb5 Na6 8. Ne5 Bd7
9. Nxd7 Qxd7 10. Qa4 Qb7 11. Nd6+ Kf8 12. Nxb7 Nb8 13. dxc5 Nbd7 14. cxd5 Nxc5
15. Nxc5 bxc5 16. Rd1 {Black forfeits on time} 1-0

[Event "Team 45 45 League T55"]
[Site "Internet Chess Club"]
[Date "2012.11.25"]
[Round "2"]
[White "kingsleywang"]
[Black "AtomicDog"]
[Result "1/2-1/2"]
[WhiteElo "1451"]
[BlackElo "1381"]
[Opening "Sicilian: Najdorf, Byrne (English) attack"]
[ECO "B90"]
[Time "13:04:04"]
[TimeControl "2700+45"]

1. e4 c5 2. Nf3 d6 3. d4 cxd4 4. Nxd4 Nf6 5. Nc3 a6 6. Be3 e6 7. f4 Qc7 8. Qf3
Be7 9. O-O-O b5 10. Bd3 b4 11. Nce2 O-O 12. g4 Bb7 13. h4 Nc6 14. g5 Nd7 15. h5
Nc5 16. g6 Nxd3+ 17. Rxd3 h6 18. gxf7+ Rxf7 19. Nxe6 Qa5 20. Kb1 Nd8 21. f5 Nxe6
22. Qg4 Ng5 23. Bxg5 Bxg5 24. Rhh3 Re8 25. Rxd6 Rxe4 26. Qf3 Rxf5 27. Qb3+ Kh7
28. Nc1 Bd5 29. Qd3 Re1 30. Qxf5+ Kg8 31. Qc8+ Kh7 32. Qf5+ Kg8 33. Qc8+ Kh7 34.
Qf5+ {Game drawn by repetition} 1/2-1/2

[Event "Team 45 45 League T55"]
[Site "Internet Chess Club"]
[Date "2012.11.22"]
[Round "2"]
[White "LazyPeon"]
[Black "chrisgianno"]
[Result "1-0"]
[WhiteElo "1857"]
[BlackElo "1669"]
[Opening "Dutch defense"]
[ECO "A81"]
[Time "14:01:03"]
[TimeControl "2700+45"]

1. d4 f5 2. g3 Nf6 3. Bg2 e6 4. Nf3 d5 5. O-O Bd6 6. c4 c6 7. Nbd2 O-O 8. b3
Nbd7 9. Bb2 Qe8 10. Qc2 Ne4 11. Ne1 Ndf6 12. f3 Nxg3 13. hxg3 Bxg3 14. f4 Qh5
15. Rf3 Ng4 16. Nf1 Bh2+ 17. Nxh2 Qxh2+ 18. Kf1 Rf6 19. e3 Rh6 20. Nd3 Nf6 21.
Qf2 Ne4 22. Qe1 Rg6 23. Qe2 Ng3+ 24. Rxg3 Rxg3 25. Ne5 g5 26. fxg5 Kg7 27. Nf3
Qh5 28. Kf2 Rg4 29. Rh1 Qe8 30. Ba3 Qd8 31. Bh3 Re4 32. Ne5 f4 33. Qh5 fxe3+ 34.
Ke2 Rxe5 35. dxe5 Qg8 36. Be7 Qf7 37. Qh6+ Kg8 38. Bf6 Qg6 39. Qxg6+ hxg6 40.
Bg4 d4 41. Rh8+ Kf7 42. Kd3 c5 43. Bf3 Rb8 44. Bxb7 Bxb7 45. Rxb8 Bf3 46. Rh8 e2
47. Kd2 d3 48. Rh7+ Ke8 49. Re7+ Kd8 50. Rxe6+ Kc7 51. Rd6 Be4 52. Rd8 Bf5 53.
Re8 Kd7 54. Re7+ Kc6 55. Rxa7 Bd7 56. Bd8 Bf5 57. Rc7+ Kb6 58. Rf7+ Kc6 59. Rxf5
gxf5 60. g6 Kd7 61. g7 {Black resigns} 1-0

[Event "Team 45 45 League T55"]
[Site "Internet Chess Club"]
[Date "2012.11.24"]
[Round "2"]
[White "fireball"]
[Black "pauliewoll"]
[Result "1-0"]
[WhiteElo "1742"]
[BlackElo "1584"]
[Opening "Sicilian: Smith-Morra gambit"]
[ECO "B21"]
[Time "11:34:34"]
[TimeControl "2700+45"]

1. e4 c5 2. d4 cxd4 3. c3 d3 4. Bxd3 Nc6 5. Nf3 d6 6. O-O g6 7. Bf4 Bg7 8. Nbd2
Nf6 9. Nc4 Nh5 10. Be3 O-O 11. Qe2 Qc7 12. Rac1 Be6 13. Nd4 d5 14. Nxe6 fxe6 15.
Nd2 Nf4 16. Bxf4 Qxf4 17. g3 Qd6 18. f4 Qc5+ 19. Kg2 Rad8 20. e5 d4 21. Nf3 Qd5
22. b3 dxc3 23. Rxc3 Nd4 24. Qe3 Qa5 25. Qd2 Nxf3 26. Rxf3 g5 27. Qc2 h6 28. Bc4
Qb6 29. Rcd3 gxf4 30. gxf4 Qc6 31. Rc3 Qc8 32. Kh3 Rf5 33. Bd3 Rh5+ 34. Kg4 Rxh2
35. Rxc8 {Black resigns} 1-0

[Event "Team 45 45 League T55"]
[Site "Internet Chess Club"]
[Date "2012.11.23"]
[Round "2"]
[White "losscause"]
[Black "nidusin2"]
[Result "0-1"]
[WhiteElo "1587"]
[BlackElo "1588"]
[Opening "Queen's pawn game"]
[ECO "E00"]
[Time "19:00:43"]
[TimeControl "2700+45"]

1. d4 Nf6 2. c4 e6 3. Qc2 Bb4+ 4. Nd2 c5 5. a3 Ba5 6. dxc5 Nc6 7. Nf3 d5 8. b4
Bc7 9. cxd5 exd5 10. Bb2 O-O 11. e3 Re8 12. Nd4 Be5 13. N2f3 Bg4 14. Nxe5 Nxe5
15. h3 Bh5 16. Bb5 Bg6 17. Qd1 Re7 18. c6 bxc6 19. Bxc6 Nd3+ 20. Kf1 Nxb2 {White
resigns} 0-1

[Event "Team 45 45 League T55"]
[Site "Internet Chess Club"]
[Date "2012.11.23"]
[Round "2"]
[White "monkeyshark"]
[Black "SirIvanhoe"]
[Result "1-0"]
[WhiteElo "1536"]
[BlackElo "1513"]
[Opening "Caro-Kann: classical variation"]
[ECO "B18"]
[Time "13:00:42"]
[TimeControl "2700+45"]

1. e4 c6 2. d4 d5 3. Nc3 dxe4 4. Nxe4 Bf5 5. Ng3 Bg6 6. Nf3 Nd7 7. Bd3 Bxd3 8.
Qxd3 Ngf6 9. O-O e6 10. Re1 Be7 11. Bf4 O-O 12. h4 Nd5 13. Ng5 N5f6 14. h5 h6
15. N5e4 Nd5 16. Bd2 N5f6 17. Re3 Nxe4 18. Nxe4 Nf6 19. Nxf6+ Bxf6 20. c3 Bg5
21. Rg3 Bxd2 22. Qxd2 Kh8 23. Re1 Qd5 24. Qe2 Qxa2 25. Qe5 Rg8 26. Re2 Qd5 27.
Qc7 Qxh5 28. Re5 Qd1+ 29. Kh2 Qb3 30. Qxf7 Raf8 31. Qg6 Rxf2 32. Rh5 Qc2 33.
Rxh6+ gxh6 34. Qxg8# {Black checkmated} 1-0

[Event "Team 45 45 League T55"]
[Site "Internet Chess Club"]
[Date "2012.11.24"]
[Round "2"]
[White "otherook"]
[Black "Constrictor"]
[Result "1-0"]
[WhiteElo "1772"]
[BlackElo "1685"]
[Opening "English: Anglo-Dutch defense"]
[ECO "A10"]
[Time "15:09:00"]
[TimeControl "2700+45"]

1. c4 f5 2. g3 Nf6 3. Nc3 e5 4. Nf3 Nc6 5. d3 Bb4 6. Bd2 O-O 7. Bg2 d6 8. O-O
Qe8 9. Nd5 Nxd5 10. cxd5 Bxd2 11. Nxd2 Ne7 12. Rc1 c5 13. dxc6 Nxc6 14. Nc4 Rf6
15. e3 g5 16. f4 exf4 17. exf4 g4 18. Qe1 Bd7 19. Qxe8+ Rxe8 20. Rfe1 Nb4 21.
Rxe8+ Bxe8 22. Bxb7 Nxd3 23. Rd1 Nb4 24. Rxd6 Rf7 25. Bd5 Nxd5 26. Rxd5 Bc6 27.
Rd8+ Kg7 28. Ne5 Rc7 29. Nxc6 Rxc6 30. Rd2 h5 31. Kf2 Kf6 32. Ke3 a5 33. b3 Ke6
34. Kd4 Rd6+ 35. Kc3 Rc6+ 36. Kb2 Rc5 37. a3 Rb5 38. Rd4 Rc5 39. b4 Rb5 40. Kb3
axb4 41. axb4 Rb8 42. Kc3 Ra8 43. b5 Ra1 44. b6 Rb1 45. Rb4 Rc1+ 46. Kd4 Rc8 47.
b7 Rb8 48. Kc5 Kd7 49. Kb6 Kd6 50. Rd4+ Ke6 51. Kc7 {Black resigns} 1-0

[Event "Team 45 45 League T55"]
[Site "Internet Chess Club"]
[Date "2012.11.23"]
[Round "2"]
[White "Portola"]
[Black "crazyhorses"]
[Result "1-0"]
[WhiteElo "1789"]
[BlackElo "1418"]
[Opening "Queen's Pawn"]
[ECO "A41"]
[Time "17:00:50"]
[TimeControl "2700+45"]

1. d4 d6 2. Nf3 Nf6 3. Bf4 g6 4. h3 Bg7 5. e3 O-O 6. Bc4 Nc6 7. Nbd2 Re8 8. c3
e5 9. dxe5 dxe5 10. Bh2 h6 11. O-O e4 12. Nd4 Ne5 13. Be2 c5 14. N4b3 b6 15. Qc2
Bb7 16. Nc4 Nd3 17. Nd6 Re7 18. Rad1 Ba6 19. c4 Nd7 20. Bxd3 exd3 21. Rxd3 Ne5
22. Bxe5 Rxe5 23. Nxf7 Qe7 24. Nxe5 Qxe5 25. Rfd1 Bb7 26. f4 Qe7 27. Qd2 Qe4 28.
Rd8+ Rxd8 29. Qxd8+ Kh7 30. Qd2 Bxb2 31. Qxb2 Qxe3+ 32. Qf2 Qe7 33. Re1 Qf6 34.
Qe3 {Black resigns} 1-0

[Event "Team 45 45 League T55"]
[Site "Internet Chess Club"]
[Date "2012.11.24"]
[Round "2"]
[White "parrot9"]
[Black "g8wrb"]
[Result "1-0"]
[WhiteElo "1681"]
[BlackElo "1417"]
[Opening "Pirc defense"]
[ECO "B07"]
[Time "10:00:22"]
[TimeControl "2700+45"]

1. e4 d6 2. d4 Nf6 3. Nc3 g6 4. f3 Bg7 5. Be3 O-O 6. Qd2 Na6 7. O-O-O Be6 8. g4
Nxg4 9. fxg4 Bxg4 10. Be2 Bxe2 11. Ngxe2 c5 12. Bh6 Re8 13. Bxg7 Kxg7 14. h4 h5
15. Ng3 Rh8 16. Qf2 Qa5 17. Rdf1 Raf8 18. Nf5+ gxf5 19. Rhg1+ Kh6 20. Qf4+ Kh7
21. Qxf5+ Kh6 22. Qg5+ {Black resigns} 1-0

[Event "Team 45 45 League T55"]
[Site "Internet Chess Club"]
[Date "2012.11.26"]
[Round "2"]
[White "AtomicDog"]
[Black "caglar"]
[Result "1/2-1/2"]
[WhiteElo "1386"]
[BlackElo "1496"]
[Opening "Ruy Lopez: Wormald (Alapin) attack"]
[ECO "C77"]
[Time "12:00:11"]
[TimeControl "2700+45"]

1. e4 e5 2. Nf3 Nc6 3. Bb5 a6 4. Ba4 Nf6 5. Qe2 b5 6. Bb3 Bc5 7. d3 h6 8. Be3
Ba7 9. Bxa7 Rxa7 10. c3 d6 11. O-O Bg4 12. Nbd2 Ne7 13. a4 c6 14. axb5 cxb5 15.
Qe3 Ra8 16. Rfe1 Ng6 17. d4 O-O 18. h3 Bc8 19. dxe5 dxe5 20. Rad1 Qc7 21. Nf1
Bb7 22. Bc2 Rad8 23. Ng3 Rxd1 24. Rxd1 a5 25. Qd3 Qc4 26. Qxc4 bxc4 27. Kf1
{Game drawn by mutual agreement} 1/2-1/2

[Event "Team 45 45 League T55"]
[Site "Internet Chess Club"]
[Date "2012.11.21"]
[Round "2"]
[White "CuatroPrincesas"]
[Black "chiiwen"]
[Result "1/2-1/2"]
[WhiteElo "2157"]
[BlackElo "2150"]
[Opening "Sicilian: Kan, Polugaievsky variation"]
[ECO "B42"]
[Time "15:34:06"]
[TimeControl "2700+45"]

1. e4 c5 2. Nf3 e6 3. d4 cxd4 4. Nxd4 a6 5. Bd3 Bc5 6. Nb3 Be7 7. O-O d6 8. c4
Nd7 9. Nc3 Qc7 10. Be3 Ngf6 11. f4 h5 12. Kh1 h4 13. h3 Nh5 14. Ne2 b6 15. Nd2
Bb7 16. b4 g6 17. Bf2 g5 18. fxg5 Ne5 19. Bd4 Bxg5 20. Nf3 Bf6 21. Nxe5 Bxe5 22.
Bxe5 dxe5 23. Qe1 Rd8 24. Rd1 Qe7 25. Qf2 Rd6 26. c5 Rd7 27. Bc2 Rxd1 28. Rxd1
O-O 29. cxb6 Qxb4 30. Qxh4 Ng7 31. Ng3 Qxb6 32. Qg4 Qe3 33. Rf1 Qh6 34. Kh2 Rd8
35. Rf2 Bc6 36. Bb3 a5 37. Qf3 Be8 38. Qc3 a4 39. Bc2 Qg5 40. Qc5 Rd4 41. Ne2
Rd2 42. Nc3 Nh5 43. Rxd2 Qg3+ 44. Kh1 Qe1+ 45. Kh2 Qxd2 46. Bd1 Qf4+ 47. Kg1 Nf6
48. Bf3 Qc1+ 49. Kh2 Qf4+ 50. Kg1 Qc1+ 51. Kh2 {Game drawn by mutual agreement}
1/2-1/2

[Event "Team 45 45 League T55"]
[Site "Internet Chess Club"]
[Date "2012.11.22"]
[Round "2"]
[White "Sir-Sinister"]
[Black "TooStrongForYou"]
[Result "0-1"]
[WhiteElo "2035"]
[BlackElo "2006"]
[Opening "Scotch gambit: Dubois-Réti defense"]
[ECO "C55"]
[Time "22:03:54"]
[TimeControl "2700+45"]

1. e4 e5 2. Nf3 Nc6 3. d4 exd4 4. Bc4 Nf6 5. e5 d5 6. Bb5 Ne4 7. Nxd4 Bd7 8.
Bxc6 bxc6 9. Be3 Qe7 10. f3 Qb4+ 11. c3 Qxb2 12. fxe4 Qxa1 13. Qc2 Ba3 14. O-O
Qb2 15. Nxa3 Qxa3 16. exd5 cxd5 17. Nb3 Bb5 18. Rf4 Bc4 19. Qf5 O-O 20. Bc5 Qxa2
21. Bxf8 Rxf8 22. Nc5 Qa1+ 23. Kf2 Qf1+ 24. Kg3 Qe1+ 25. Kg4 Be2+ 26. Kh3 Qxc3+
{White resigns} 0-1

[Event "Team 45 45 League T55"]
[Site "Internet Chess Club"]
[Date "2012.11.25"]
[Round "2"]
[White "gaibo4ever"]
[Black "Bonneville"]
[Result "0-1"]
[WhiteElo "2023"]
[BlackElo "2020"]
[Opening "Caro-Kann: advance variation"]
[ECO "B12"]
[Time "17:00:38"]
[TimeControl "2700+45"]

1. e4 c6 2. d4 d5 3. e5 Bf5 4. Nc3 e6 5. g4 Bg6 6. Nge2 c5 7. h4 h5 8. Nf4 Bh7
9. Nxh5 cxd4 10. Nb5 Nc6 11. Nxd4 Nxe5 12. Bb5+ Nd7 13. Bg5 Qb6 14. Qd2 e5 15.
Bxd7+ Kxd7 16. Nf3 Qd6 17. O-O-O Be4 18. Qc3 f6 19. Ng3 Bxc2 20. Qxc2 Rc8 21.
Be3 Rxc2+ 22. Kxc2 Qc6+ 23. Kb1 Ne7 24. Ne4 d4 25. Nfd2 Ng6 26. h5 dxe3 {White
resigns} 0-1

[Event "Team 45 45 League T55"]
[Site "Internet Chess Club"]
[Date "2012.11.25"]
[Round "2"]
[White "Inquisiteur"]
[Black "lasker25"]
[Result "1/2-1/2"]
[WhiteElo "1573"]
[BlackElo "1923"]
[Opening "English: Botvinnik system"]
[ECO "A26"]
[Time "09:01:00"]
[TimeControl "2700+45"]

1. c4 e5 2. Nc3 Nc6 3. g3 g6 4. Bg2 Bg7 5. d3 d6 6. e4 Nf6 7. Nge2 O-O 8. O-O
Be6 9. Rb1 Qd7 10. Nd5 Bh3 11. Nxf6+ Bxf6 12. Bh6 Rfe8 13. Qd2 Qg4 14. f3 Qh5
15. Be3 Bxg2 16. Kxg2 Nd4 17. g4 Qh4 18. Bf2 Bg5 19. Bxh4 Bxd2 20. Nxd4 exd4 21.
Bf2 c5 22. Bg3 Rad8 23. f4 f5 24. gxf5 gxf5 25. Kf3 Rd7 26. Rbd1 Be3 27. Bf2
fxe4+ 28. dxe4 Bxf2 29. Rxf2 Rde7 30. Re2 Kf7 31. a4 b6 32. b3 {Game drawn by
mutual agreement} 1/2-1/2

[Event "Team 45 45 League T55"]
[Site "Internet Chess Club"]
[Date "2012.11.23"]
[Round "2"]
[White "parpin"]
[Black "stile"]
[Result "1-0"]
[WhiteElo "2021"]
[BlackElo "1931"]
[Opening "Scandinavian: Icelandic gambit"]
[ECO "B01"]
[Time "14:02:44"]
[TimeControl "2700+45"]

1. e4 d5 2. exd5 Nf6 3. c4 e6 4. dxe6 Bxe6 5. Nf3 Nc6 6. Be2 Bc5 7. O-O Qd7 8.
d3 O-O-O 9. Nbd2 Bf5 10. Nb3 Bd4 11. Nfxd4 Nxd4 12. Nxd4 Qxd4 13. Be3 Qxb2 14.
Rb1 Qa3 15. Bf3 Rxd3 16. Bxb7+ Kd8 17. Qf3 Bg4 18. Qc6 Re8 19. Bf4 Re7 20. Ba6
Red7 21. Rfe1 Be6 22. Bxc7+ Rxc7 23. Rb8+ Bc8 24. Rxc8+ {Black resigns} 1-0

[Event "Team 45 45 League T55"]
[Site "Internet Chess Club"]
[Date "2012.11.27"]
[Round "2"]
[White "bogolijubov"]
[Black "adypady"]
[Result "0-1"]
[WhiteElo "1760"]
[BlackElo "1891"]
[Opening "Sicilian: Hungarian variation"]
[ECO "B34"]
[Time "16:00:20"]
[TimeControl "2700+45"]

1. e4 c5 2. Nf3 g6 3. d4 cxd4 4. Nxd4 Bg7 5. Nc3 Nc6 6. Be3 Nf6 7. Nxc6 bxc6 8.
e5 Ng8 9. f4 f6 10. e6 d5 11. Qf3 Bxe6 12. O-O-O Nh6 13. h3 Qa5 14. g3 Rb8 15.
a3 O-O 16. Bf2 Rxb2 17. Kxb2 Rb8+ 18. Kc1 Qxa3+ 19. Kd2 d4 20. Qxc6 dxc3+ 21.
Qxc3 Qa2 22. Bd3 f5 23. Qc7 Rc8 24. Qxa7 Qd5 25. Ke2 Bf7 26. Rhe1 e5 27. c4 Qg2
28. Qc7 {White resigns} 0-1

[Event "Team 45 45 League T55"]
[Site "Internet Chess Club"]
[Date "2012.11.23"]
[Round "2"]
[White "The7thGuest"]
[Black "barbak"]
[Result "1/2-1/2"]
[WhiteElo "2066"]
[BlackElo "1947"]
[Opening "Sicilian: dragon, Yugoslav attack"]
[ECO "B76"]
[Time "13:00:40"]
[TimeControl "2700+45"]

1. e4 c5 2. Nf3 d6 3. d4 cxd4 4. Nxd4 Nf6 5. Nc3 g6 6. Be3 Bg7 7. f3 Nc6 8. Qd2
O-O 9. g4 Nxd4 10. Bxd4 Be6 11. h4 Qa5 12. h5 Rfc8 13. hxg6 fxg6 14. a3 a6 15.
O-O-O Rab8 16. Nd5 Qxd2+ 17. Rxd2 Bxd5 18. exd5 b5 19. Rdh2 Nxd5 20. Bxg7 Kxg7
21. Rxh7+ Kf6 22. Bd3 Nf4 23. Kd2 Nxd3 24. Kxd3 b4 25. g5+ Kxg5 26. Rxe7 bxa3
27. b3 Rc5 28. Re6 Ra5 29. Rg1+ Kf5 30. Rexg6 Rd5+ 31. Kc4 Rc5+ 32. Kd3 Rd5+ 33.
Kc4 Rc5+ 34. Kd3 {Game drawn by mutual agreement} 1/2-1/2

[Event "Team 45 45 League T55"]
[Site "Internet Chess Club"]
[Date "2012.11.24"]
[Round "2"]
[White "cheVelle"]
[Black "DaPaz"]
[Result "0-1"]
[WhiteElo "1936"]
[BlackElo "1974"]
[Opening "Caro-Kann: Panov-Botvinnik attack"]
[ECO "B13"]
[Time "16:00:04"]
[TimeControl "2700+45"]

1. e4 c6 2. d4 d5 3. exd5 cxd5 4. c4 Nf6 5. Nc3 Nc6 6. Nf3 Bg4 7. cxd5 Nxd5 8.
Qb3 Bxf3 9. gxf3 e6 10. Qxb7 Nxd4 11. Bb5+ Nxb5 12. Qc6+ Ke7 13. Bg5+ f6 14.
Nxd5+ Qxd5 15. Qxd5 exd5 16. Bf4 Kf7 17. O-O-O Bd6 18. Be3 Rhc8+ 19. Kb1 Rab8
20. Ka1 Be5 21. Bc1 Rxc1+ 22. Rxc1 Na3 {White resigns} 0-1

[Event "Team 45 45 League T55"]
[Site "Internet Chess Club"]
[Date "2012.11.23"]
[Round "2"]
[White "Helaman"]
[Black "JWB"]
[Result "1-0"]
[WhiteElo "1770"]
[BlackElo "1677"]
[Opening "QGD: classical variation (5.Bf4)"]
[ECO "D37"]
[Time "15:00:06"]
[TimeControl "2700+45"]

1. d4 Nf6 2. c4 e6 3. Nc3 d5 4. Nf3 Be7 5. Bf4 O-O 6. e3 c5 7. dxc5 Bxc5 8. Qc2
Nc6 9. Rd1 d4 10. exd4 Nxd4 11. Nxd4 Bxd4 12. Be5 Bxc3+ 13. Qxc3 Qe7 14. Bd6 Qe8
15. Bxf8 Qxf8 16. Bd3 b6 17. O-O Bb7 18. b3 Rc8 19. Qd2 Qc5 20. Rde1 Qc6 21. f3
Qc5+ 22. Kh1 h5 23. Qb2 Rd8 24. Bb1 Qd6 25. Qe5 Qd7 26. h3 Bc6 27. Qe2 Qe7 28.
Be4 Nxe4 29. fxe4 g6 30. e5 Rd4 31. Rd1 Re4 32. Qf3 Qb7 33. Rd8+ Kg7 34. Qf6+
Kh6 35. Rh8# {Black checkmated} 1-0

[Event "Team 45 45 League T55"]
[Site "Internet Chess Club"]
[Date "2012.11.25"]
[Round "2"]
[White "ticopatzer"]
[Black "badmove"]
[Result "0-1"]
[WhiteElo "1641"]
[BlackElo "1766"]
[Opening "Queen's pawn game"]
[ECO "E10"]
[Time "17:23:45"]
[TimeControl "2700+45"]

1. d4 Nf6 2. c4 e6 3. Nf3 d5 4. e3 b6 5. cxd5 exd5 6. Nc3 Bb7 7. Be2 Be7 8. O-O
O-O 9. Qc2 Nbd7 10. a3 c6 11. b4 Bd6 12. Bb2 Qe7 13. Rfe1 Rae8 14. Bd3 Ne4 15.
Nd2 Bxh2+ 16. Kxh2 Qh4+ 17. Kg1 Qxf2+ 18. Kh1 Re6 {White resigns} 0-1

[Event "Team 45 45 League T55"]
[Site "Internet Chess Club"]
[Date "2012.11.27"]
[Round "2"]
[White "ILRE"]
[Black "julesraider"]
[Result "0-1"]
[WhiteElo "1524"]
[BlackElo "1600"]
[Opening "English opening"]
[ECO "A20"]
[Time "19:00:06"]
[TimeControl "2700+45"]

1. c4 e5 2. g3 Nc6 3. Bg2 f5 4. Nc3 Nf6 5. d3 Bb4 6. Bd2 O-O 7. Nf3 d6 8. O-O
Qe8 9. a3 Bxc3 10. Bxc3 Qh5 11. e3 e4 12. dxe4 fxe4 13. Bxf6 Rxf6 14. Qd5+ Qxd5
15. cxd5 exf3 16. dxc6 fxg2 {White resigns} 0-1

[Event "Team 45 45 League T55"]
[Site "Internet Chess Club"]
[Date "2012.11.22"]
[Round "2"]
[White "rayngrant"]
[Black "houseofcook"]
[Result "1-0"]
[WhiteElo "1557"]
[BlackElo "1434"]
[Opening "French: Burn variation"]
[ECO "C11"]
[Time "14:03:07"]
[TimeControl "2700+45"]

1. e4 e6 2. d4 d5 3. Nc3 Nf6 4. Bg5 dxe4 5. Nxe4 Be7 6. Bd3 Nbd7 7. Nf3 Nxe4 8.
Bxe7 Qxe7 9. Bxe4 Qb4+ 10. Qd2 Qxd2+ 11. Kxd2 Nf6 12. Ke3 Nxe4 13. Kxe4 b6 14.
Ke3 Bb7 15. c4 O-O 16. Rad1 Rfd8 17. Rd2 f6 18. Rhd1 Rd7 19. g3 Rad8 20. Ne1 Kf7
21. f4 g6 22. b4 a6 23. a4 c6 24. c5 b5 25. axb5 axb5 26. Ra1 f5 27. Nf3 Kf6 28.
Ne5 Rc7 29. Ra7 Ra8 30. Rxa8 Bxa8 31. Ra2 Rc8 32. Ra7 {Black resigns} 1-0

[Event "Team 45 45 League T55"]
[Site "Internet Chess Club"]
[Date "2012.11.27"]
[Round "2"]
[White "latayvia"]
[Black "milesotoole"]
[Result "1/2-1/2"]
[WhiteElo "1706"]
[BlackElo "1575"]
[Opening "Durkin's attack"]
[ECO "A00"]
[Time "10:00:33"]
[TimeControl "2700+45"]

1. Na3 e5 2. b3 d5 3. c3 f5 4. e3 Nc6 5. Nf3 Nf6 6. Bb5 Bd6 7. O-O O-O 8. d4 e4
9. Ne1 Bxh2+ 10. Kh1 Ng4 11. g3 Rf6 12. Kg2 Rh6 13. f3 Qg5 14. fxg4 fxg4 15. Rh1
Qh5 16. Kf1 Qf5+ 17. Kg2 Qh5 18. Kf1 Rf6+ 19. Ke2 Bxg3 20. Nf3 gxf3+ 21. Kd2 Qg5
22. Nc2 f2 23. Ba3 Bg4 24. Be2 Bxe2 25. Qxe2 Rh6 26. Qf1 Rxh1 27. Qxh1 Qh6 28.
Qxh6 gxh6 29. Ke2 h5 30. Nb4 Nxb4 31. Bxb4 h4 32. Rh1 Re8 33. Kf1 Kg7 34. c4 c6
35. a4 Kg6 36. a5 Kg5 37. Bc5 a6 38. Kg2 Kg4 39. cxd5 h3+ 40. Kf1 cxd5 41. b4
Kf3 42. Rxh3 Rg8 43. Bd6 h5 44. b5 axb5 45. a6 bxa6 46. Be5 h4 47. Bxg3 Rxg3 48.
Rxg3+ hxg3 {White stalemated} 1/2-1/2

[Event "Team 45 45 League T55"]
[Site "Internet Chess Club"]
[Date "2012.11.26"]
[Round "2"]
[White "krysto"]
[Black "gandre"]
[Result "1-0"]
[WhiteElo "1603"]
[BlackElo "1748"]
[Opening "Queen's pawn: London system"]
[ECO "A45"]
[Time "18:03:15"]
[TimeControl "2700+45"]

1. d4 Nf6 2. Bf4 e6 3. e3 c5 4. c3 Nc6 5. Bd3 b6 6. Nf3 Bb7 7. Nbd2 Be7 8. e4
cxd4 9. cxd4 d6 10. h3 O-O 11. O-O Rc8 12. Rc1 Re8 13. Qe2 Nxd4 14. Nxd4 e5 15.
Be3 exd4 16. Bxd4 Nd7 17. Bb5 Bf8 18. Qg4 Re6 19. Qf5 Nf6 20. Bc4 Bxe4 21. Nxe4
Rxc4 22. Nxf6+ {Black resigns} 1-0

[Event "Team 45 45 League T55"]
[Site "Internet Chess Club"]
[Date "2012.11.25"]
[Round "2"]
[White "Megasus"]
[Black "burnsy"]
[Result "1/2-1/2"]
[WhiteElo "1602"]
[BlackElo "1476"]
[Opening "English opening"]
[ECO "A05"]
[Time "22:05:45"]
[TimeControl "2700+45"]

1. Nf3 Nf6 2. c4 g6 3. Nc3 Bg7 4. e3 d6 5. d4 Nbd7 6. h3 c5 7. d5 Nb6 8. e4 e5
9. b3 Bd7 10. Bd3 Qc8 11. Be3 a5 12. a4 O-O 13. Nh4 Nh5 14. Qf3 Bf6 15. g4 Nf4
16. Ng2 Nxd3+ 17. Kd2 Nf4 18. Nxf4 exf4 19. Qxf4 Be5 20. Qg5 Qd8 21. Ra2 Qxg5
22. Bxg5 Kg7 23. Ne2 h6 24. Be3 f5 25. f4 Bf6 26. gxf5 gxf5 27. Ng3 Bh4 28. Rg1
Bxg3 29. Rxg3+ Kh7 30. e5 Rg8 31. Rxg8 Rxg8 32. Kd3 dxe5 33. fxe5 Rg3 34. Rf2
Kg6 35. e6 Be8 36. h4 Nc8 37. Ke2 b6 38. Rf3 Rxf3 39. Kxf3 Kh5 40. Bf4 Kxh4 41.
Bxh6 Nd6 42. Kf4 Bg6 43. Bg5+ Kh5 44. Bd8 Nc8 45. Bc7 Kh6 46. d6 Nxd6 47. Bxd6
Kg7 48. Kg5 f4 49. Bxf4 Bc2 50. Bc7 Bxb3 51. Bxb6 Bxc4 52. Kf5 Bb3 53. Bxc5 Bxa4
54. Ke5 Bb5 55. Kd6 a4 56. Ke7 Kg6 {Game drawn by mutual agreement} 1/2-1/2